[Event "NJSK 2018 Jeugd C"]
[Site "Assen, Netherlands"]
[Date "2018.05.01"]
[Round "3.2"]
[White "Elgersma, Onno"]
[Black "Klaren, Duncan"]
[Result "1-0"]
[TimeControl "40/90m+30sec/move"]
[WhiteElo "2060"]
[BlackElo "1713"]

1. e4 c5 2. Nf3 d6 3. d4 cxd4 4. Nxd4 Nf6 5. Nc3 a6 6. h3 e5 7. Nde2 h5 8. Bg5 Be7 9. g3 b5 10.
Bxf6 Bxf6 11. Nd5 Nd7 12. Bg2 Bb7 13. Nec3 Nb6 14. O-O Rc8 15. Qd3 Bxd5 16. exd5 g6 17. a4 b4 18. Ne4 Be7 19.
Qxa6 O-O 20. a5 Nxd5 21. Nxd6 Bxd6 22. Bxd5 Kg7 23. Bb7 Rc7 24. Rfd1 Qe7 25. Qxd6 Rxb7 26. a6 Ra7 27. Ra5 Qxd6 28.
Rxd6 Rc8 29. Rb6 Rca8 30. Rxb4 Rxa6 31. Rxe5 Rd8 32. c4 Rd2 33. Kf1 Rc2 34. Re2 Ra1+ 35. Re1 Ra2 36. Rb1 Ra6 37.
Kg2 Ra2 38. g4 hxg4 39. hxg4 Ra6 40. Kg3 Rf6 41. f3 g5 42. Re1 Rh6 43. f4 Rhh2 44. fxg5 Rcf2 45. Rg1 Kg6 46. c5 Rc2 47.
Rf1 Rhd2 48. Rf5 Rxb2 49. Rxb2 Rxb2 50. Kf4 Rb4+ 51. Kg3 Rc4 52. Rd5 Kg7 53. Kh4 Rc3 54. Rf5 Kg8 55. g6 fxg6 56.
Rd5 Rc4 57. Kg5 Kf7 58. Rd7+ Ke8 59. Rc7 Kd8 60. Ra7 Ke8 61. Rb7 Kf8 62. Rc7 Ke8 63. c6 Kf8 64. Rc8+ Kg7 65. Rc7+ Kf8 66.
Kxg6 Rxg4+ 67. Kf6 Rf4+ 68. Ke6 Re4+ 69. Kd7 Rd4+ 70. Kc8 Rc4 71. Kd7 Rc1 72. Ke6 Re1+ 73. Kd7 Rd1+ 74. Kc8 Rc1 75.
Kb7 Rb1+ 76. Ka8 Rc1 77. Rc8 Kf7 78. Kb7 Rb1+ 79. Kc7 Rc1 80. Rb8 Rc2 81. Kb7 Rb2+ 82. Kc8 Rc2 83. c7 Ke7 84.
Rb3 Kd6 85. Kd8 Rg2 86. Rd3+ 1-0

[Event "NJSK 2018 Jeugd C"]
[Site "Assen, Netherlands"]
[Date "2018.05.01"]
[Round "3.3"]
[White "Cchung, Nyuk Lyn"]
[Black "Pham, Khoi"]
[Result "0-1"]
[TimeControl "40/90m+30sec/move"]
[WhiteElo "1796"]
[BlackElo "1983"]

1. e4 c5 2. Nf3 d6 3. d4 cxd4 4. Nxd4 Nf6 5. Nc3 a6 6. Bg5 e6 7. f4 Nbd7 8. Qf3 Qc7 9. O-O-O b5 10.
g4 Bb7 11. Bxf6 Nxf6 12. g5 b4 13. gxf6 bxc3 14. Rg1 cxb2+ 15. Kb1 gxf6 16. Bh3 f5 17. Qh5 Bxe4 18. Rge1 Qc5 19. Bxf5 Bxf5 20.
Nxf5 O-O-O 21. Ng3 Qxh5 22. Nxh5 Bh6 23. Rd3 Rhg8 24. Re4 Rg2 25. Rc3+ Kd7 26. f5 Rxh2 27. fxe6+ fxe6 28. Nf6+ Ke7 29.
Nd5+ Kf8 30. Rf3+ Kg8 31. Nf6+ Kh8 32. Kxb2 Bg7 33. Rxe6 Rf8 34. Kc1 Rh6 35. Nd7 Rxf3 36. Re8 Bf8 37.
Nxf8 Kg7 38. Nd7 Rh1+ 39. Kb2 Rf7 40. Nb6 Rb7 0-1

[Event "NJSK 2018 Jeugd C"]
[Site "Assen, Netherlands"]
[Date "2018.05.01"]
[Round "3.4"]
[White "Boghossian, Wahe"]
[Black "Nguyen, Lucas"]
[Result "0-1"]
[TimeControl "40/90m+30sec/move"]
[WhiteElo "1748"]
[BlackElo "1919"]

1. e4 c5 2. Nf3 Nc6 3. d4 cxd4 4. Nxd4 g6 5. Nc3 Bg7 6. Be3 Nf6 7. f3 O-O 8. Qd2 d5 9. Nxc6 bxc6 10.
O-O-O Be6 11. Bh6 dxe4 12. Bxg7 Kxg7 13. fxe4 Qa5 14. a3 Rab8 15. Bd3 Qb6 16. b3 Ng4 17. Rdf1 Bxb3 18. cxb3 Qxb3 19.
Nb1 Rfd8 20. Nc3 Qxa3+ 21. Kd1 Ne5 22. Rf3 Nxf3 23. gxf3 Qa1+ 0-1

[Event "NJSK 2018 Jeugd C"]
[Site "Assen, Netherlands"]
[Date "2018.05.01"]
[Round "3.5"]
[White "Van Foreest, Nanne"]
[Black "Maters, Arthur"]
[Result "0-1"]
[TimeControl "40/90m+30sec/move"]
[WhiteElo "1482"]
[BlackElo "1895"]

1. e4 c5 2. Nf3 d6 3. d4 cxd4 4.
Nxd4 Nf6 5. Nc3 a6 6. Bg5 e6 7. f4 h6 8. Bh4 Qb6 9. Nb3 Qe3+ 10. Be2 Nxe4 11. Nxe4 Qxf4 12. Nxd6+ Qxd6 13.
Qxd6 Bxd6 14. Rd1 Be7 15. Bxe7 Kxe7 16. O-O b6 17. Bf3 Ra7 18. Nd4 Bb7 19. Bxb7 Rxb7 20. Rfe1 g6 21. h4 Rd7 22.
Rd2 Rhd8 23. c3 Kf6 24. Kh2 Kg7 25. Kg3 Rd5 26. Rde2 Rc8 27. Re5 Rxe5 28. Rxe5 Nc6 29. Nxc6 Rxc6 30.
Kf3 f6 31. Re2 h5 32. Rd2 f5 33. Kf4 Kf6 34. Ke3 e5 35. Rd8 Ke7 36. Rd5 Ke6 37. Rd8 Rd6 38. Re8+ Kf6 39. Ra8 a5 40.
Ra6 Ke6 41. Ra8 Kd7 42. Ra7+ Kc6 43. Re7 Kd5 44. c4+ Kxc4 45. Rxe5 Rd3+ 46. Kf2 Rd2+ 47. Re2 Kd3 48. Rxd2+ Kxd2 49.
Kf3 Kc2 50. b3 Kb2 51. Kf4 Kxa2 52. Kg5 Kxb3 53. Kxg6 a4 54. Kxh5 a3 55. Kg6 a2 0-1

[Event "NJSK 2018 Jeugd C"]
[Site "Assen, Netherlands"]
[Date "2018.05.01"]
[Round "3.6"]
[White "Shakhverdian, William"]
[Black "Yeh, Timo"]
[Result "1-0"]
[TimeControl "40/90m+30sec/move"]
[WhiteElo "1777"]
[BlackElo "1729"]

1. d4 d5 2. c4 e6 3. Nf3 Nf6 4. g3 c5 5. cxd5 exd5 6. Bg2 Nc6 7. O-O Bf5 8. Bg5 h6 9. Bxf6 Qxf6 10.
Nc3 Be4 11. dxc5 O-O-O 12. Qa4 Bxc5 13. Nxe4 dxe4 14. Qxe4 Rhe8 15. Qc4 Bd4 16. Rab1 Qe6 17. Qxe6+ fxe6 18. e3 Bf6 19. Rfc1 Kb8 20.
b4 Ne5 21. Nd4 Nd3 22. Rd1 Bxd4 23. Rxd3 Bb6 24. Rc3 Rd2 25. a4 Rf8 26. Rf1 Bc7 27. Bh3 Re8 28. Rfc1 Re7 29. Bxe6 a5 30.
b5 Rxe6 31. Rxc7 g5 32. Rf7 Ra2 33. Rcc7 Rb6 34. Rc4 Rb2 35. Rd4 Re6 36. Rfd7 Ra2 37. Rf7 Rb2 38. h4 Rb4 39. Rfd7 Rb2 40.
hxg5 hxg5 41. R7d6 Re5 42. b6 Rc5 43. Rd8+ Rc8 44. Rxc8+ Kxc8 45. Rd5 Rxb6 46. Rxa5 Rg6 47. Kf1 Kc7 48.
Ke2 Kc6 49. Kd3 b6 50. Rf5 g4 51. Kc4 Re6 52. Rf4 Rg6 53. Rf5 Re6 54. a5 b5+ 55. Rxb5 Re4+ 56. Kd3 Ra4 57. Rf5 Ra3+ 58.
Kc4 Ra4+ 59. Kb3 Re4 60. Rf4 Re5 61. Rxg4 Rxa5 62. Rg6+ Kd7 63. Rf6 Ke7 64. Rf4 Ke6 65. Kc3 Rd5 66.
Kc4 Rd8 67. Rd4 Rf8 68. Re4+ Kd6 69. Rf4 Ra8 70. Kd3 Ra3+ 71. Ke4 Ke6 72. Rh4 Kf6 73. Kf4 Ra2 74. f3 Kg6 75. Rg4+ Kf6 76.
e4 Ra4 77. Rg8 Rb4 78. g4 Kf7 79. Ra8 Rb7 80. Kf5 1-0

[Event "NJSK 2018 Jeugd C"]
[Site "Assen, Netherlands"]
[Date "2018.05.01"]
[Round "3.7"]
[White "Brandsma, Romayn"]
[Black "Bartels, Vladimir"]
[Result "1/2-1/2"]
[TimeControl "40/90m+30sec/move"]
[WhiteElo "1715"]
[BlackElo "1757"]

1. e4 e5 2. Nf3 Nc6 3. Bc4 Bc5 4. Nc3 Nf6 5. d3 O-O 6. h3 Be7 7. O-O d6 8. Bb3 h6 9. Be3 Be6 10.
d4 exd4 11. Nxd4 Nxd4 12. Bxd4 c5 13. Bxf6 Bxf6 14. Bd5 Rb8 15. a4 a6 16. a5 Bxc3 17. bxc3 Re8 18. Qd3 Bxd5 19. exd5 Qg5 20.
Rae1 Re7 21. Re2 Rbe8 22. Rfe1 Re5 23. Qf3 Rxe2 24. Rxe2 Rxe2 25. Qxe2 Qc1+ 26. Kh2 Kf8 27. Qg4 g5 28.
Qf5 Qf4 29. Qxf4 gxf4 30. c4 Kg7 31. c3 Kg6 32. h4 Kf5 33. f3 h5 34. Kh3 Ke5 1/2-1/2

[Event "NJSK 2018 Jeugd C"]
[Site "Assen, Netherlands"]
[Date "2018.05.01"]
[Round "3.8"]
[White "Bleeker, Kasper"]
[Black "Albers, Sasa"]
[Result "1-0"]
[TimeControl "40/90m+30sec/move"]
[WhiteElo "1737"]
[BlackElo "1336"]

1. e4 c6 2. d4 d5 3. exd5 cxd5 4.
Bd3 Nc6 5. c3 Nf6 6. h3 e6 7. Bf4 Bd6 8. Bxd6 Qxd6 9. Nf3 Bd7 10. O-O O-O 11. Nbd2 Rac8 12. Re1 Rfe8 13. Ne5 Qc7 14.
Ndf3 h6 15. a3 Na5 16. Nh2 b5 17. Nhg4 Nxg4 18. Qxg4 Nc4 19. Bxc4 bxc4 20. Re3 f6 21. Rg3 Re7 22. Qh4 Kh7 23.
Ng6 Rf7 24. Qh5 Be8 25. Re1 Re7 26. Nf8 Kh8 27. Qh4 Bf7 28. Qg4 Bh5 29. Qxh5 Rxf8 30. Qg4 f5 31. Qh4 Rf6 32. Rge3 g5 33.
Qh5 Qd7 34. Re5 Rg7 35. Qe2 Rgg6 36. Qc2 g4 37. h4 Rg8 38. Qe2 Re8 39. g3 Qb5 40. Qd2 Kg7 41. R5e2 Kf7 42. Qf4 Qb8 43.
Qd2 Qb5 44. Kf1 Qb8 45. Re5 Re7 46. R1e2 Rb7 47. Qc2 Rb3 48. Rxe6 Rxe6 49. Qxf5+ Rf6 50. Qh7+ 1-0

[Event "NJSK 2018 Jeugd C"]
[Site "Assen, Netherlands"]
[Date "2018.05.01"]
[Round "3.9"]
[White "Roebers, Eline"]
[Black "Labruyere, Roger"]
[Result "0-1"]
[TimeControl "40/90m+30sec/move"]
[WhiteElo "1961"]
[BlackElo "1665"]

1. e4 c6 2. d3 d5 3. Nd2 e5 4. Ngf3 Bd6 5. g3 Nf6 6. Bg2 O-O 7. O-O Bg4 8. c3 Nbd7 9. Qc2 Re8 10.
Re1 h6 11. Nf1 Nc5 12. h3 Bh5 13. g4 Bg6 14. Ng3 a5 15. Bd2 Qb6 16. Rad1 Qa6 17. Bc1 Rad8 18. Nh4 Bh7 19. Nhf5 Bf8 20.
Bf1 Qb6 21. Be3 Qc7 22. g5 hxg5 23. Bxg5 Be7 24. Qe2 Ne6 25. Bxf6 Bxf6 26. Nh5 Bg5 27. h4 Bxf5 28. exf5 Nf4 29.
Qg4 Nxh5 30. Qxh5 Bf4 31. Bh3 Rd6 32. Kh1 Rh6 33. Qg4 Qe7 34. h5 Qd7 35. Rg1 f6 36. Qf3 Qf7 37. Rg6 Bg5 38. Rxh6 Bxh6 39. Re1 e4 40. dxe4 dxe4 41. Qg4 Qxa2 42.
Bg2 Qxb2 43. Rxe4 Qc1 44. Kh2 Rxe4 45. Qxe4 Qf4 46. Kh3 Qxe4 47. Bxe4 Kf7 48. Kg3 Ke7 49. Kf3 Kd6 50. Ke2 Ke5 51.
Kd3 a4 52. f3 Bc1 53. Kc2 Ba3 54. Kb1 Be7 55. Kc2 Kf4 56. Kd3 a3 57. Kc2 Ke3 58. Kb3 Bf8 59. Kc2 a2 60. Kb2 Kd2 61.
c4 a1=Q+ 62. Kxa1 Kc3 63. Kb1 Kxc4 64. Kc2 Kc5 65. Kc3 b5 66. Kb3 Kb6 67. Kc3 c5 68. Bc2 c4 69. Kd4 Bc5+ 70.
Kc3 Be3 71. Bd1 Kc5 72. Kc2 b4 73. Be2 b3+ 74. Kb2 Kb4 75. Kb1 c3 76. Bd3 c2+ 77. Bxc2 bxc2+ 78. Kxc2 Kc4 79. Kd1 Kd5 80.
Ke2 Kd4 81. Kf1 Ke5 0-1

[Event "NJSK 2018 Jeugd C"]
[Site "Assen, Netherlands"]
[Date "2018.05.01"]
[Round "3.10"]
[White "Van der Hagen, Loek"]
[Black "Catalan, Ciro"]
[Result "1/2-1/2"]
[TimeControl "40/90m+30sec/move"]
[WhiteElo "1815"]
[BlackElo "1503"]

1. e4 c5 2. Nf3 d6 3. d4 cxd4 4. Nxd4 Nf6 5. Nc3 a6 6. Bg5 e6 7. f4 Be7 8. Qf3 Qc7 9. O-O-O Nbd7 10.
Bd3 b5 11. Rhe1 Bb7 12. Qg3 h6 13. Bh4 Rg8 14. Nxe6 fxe6 15. e5 O-O-O 16. exf6 gxf6 17. Qh3 e5 18. Be4 Kb8 19. Nd5 Bxd5 20.
Bxd5 Rg7 21. Bf2 Bf8 22. Qa3 Nc5 23. Bf3 Rc8 24. Re2 e4 25. Bh5 Nd3+ 26. Kb1 Nxf2 27. Rxf2 Qc6 28. Qb3 Qc5 29.
Rfd2 Qxh5 30. Rd5 Qf7 31. Qa3 Kb7 32. g3 Rc5 33. Rxd6 Bxd6 34. Rxd6 Rc6 35. Rxc6 Kxc6 36. Qxa6+ Kc5 37.
Qc8+ Qc7 38. Qf5+ Kb6 39. Qxe4 Re7 40. Qd4+ Ka5 41. b3 Re2 42. Qd1 Qe7 43. Qd4 Re1+ 44. Kb2 Re2 45. Qd5 Rxh2 46.
Qa8+ Kb6 47. Qb8+ Kc6 48. Qc8+ Kd5 49. Qf5+ Kc6 50. Qc8+ Kb6 51. Qb8+ Qb7 52. Qd6+ Qc6 53. Qd4+ Ka6 54.
Qd3 Qc5 55. Qe4 Rd2 56. Qa8+ Qa7 57. Qc8+ Qb7 58. Qe6+ Qb6 59. Qc8+ Ka7 60. Kc1 Rd8 61. Qg4 Qe3+ 62. Kb2 Kb8 63.
Qf5 Qd4+ 64. Kb1 Qd1+ 65. Kb2 Qd4+ 66. Kb1 Qb6 67. Qg4 b4 68. Qe2 Qc6 69. Qe1 Qc3 70. Qe2 Rd2 71. Qe8+ Kc7 72.
Qe7+ Kb6 73. Qe6+ Kb5 74. Qf5+ Kb6 75. Qe6+ Ka5 76. Qf5+ Ka6 77. Qe6+ Kb7 78. Qe7+ Qc7 79. Qe4+ Kc8 80.
Qe8+ Rd8 81. Qe6+ Kb8 82. Qe1 Qc3 83. Qe2 Kc7 84. Qe7+ Kc8 85. Qe6+ Rd7 86. Qe8+ Kc7 87. Qe2 Qxg3 88.
Qc4+ Kd8 89. Qxb4 h5 90. Qf8+ Kc7 91. Qc5+ Kb8 92. Qb5+ Kc7 93. Qc5+ Kb7 94. Qb5+ Kc7 1/2-1/2

[Event "NJSK 2018 Jeugd C"]
[Site "Assen, Netherlands"]
[Date "2018.05.01"]
[Round "3.11"]
[White "Van der Schaaf, Tristan"]
[Black "Tiggelman, Vincent"]
[Result "1-0"]
[TimeControl "40/90m+30sec/move"]
[WhiteElo "1647"]
[BlackElo "1394"]

1. d4 c6 2. c4 d5 3. Nf3 e6 4. e3 Nf6 5. Nc3 Nbd7 6.
Bd3 Be7 7. O-O O-O 8. Qc2 Re8 9. e4 dxe4 10. Nxe4 Nxe4 11. Bxe4 Nf8 12. Bf4 Bf6 13. Rad1 Qa5 14. c5 Bd7 15.
Ne5 Qd8 16. Nc4 Be7 17. a4 f6 18. b4 b6 19. Nd6 Bxd6 20. Bxd6 f5 21. Bf3 Rc8 22. Rfe1 Qg5 23. Be2 f4 24.
Qd2 Ng6 25. g3 h5 26. Bd3 Kf7 27. Bxg6+ Kxg6 28. Bxf4 Qg4 29. Re5 Kf7 30. Rg5 Qf3 31. Qc2 1-0

[Event "NJSK 2018 Jeugd C"]
[Site "Assen, Netherlands"]
[Date "2018.05.01"]
[Round "3.12"]
[White "Torensma, Christian"]
[Black "Franke, Daniel"]
[Result "1-0"]
[TimeControl "40/90m+30sec/move"]
[WhiteElo "1455"]
[BlackElo "1298"]

1. e4 c5 2. Nf3 Nc6 3. d4 cxd4 4.
Nxd4 e5 5. Nb5 Nf6 6. N1c3 d6 7. Bg5 a6 8. Na3 Be7 9. Bxf6 Bxf6 10. Nd5 Bg5 11. c3 Ne7 12. Nxe7 Bxe7 13. Nc4 O-O 14.
Be2 b5 15. Ne3 Bb7 16. Nd5 Bxd5 17. Qxd5 Qb6 18. O-O Rac8 19. Qd3 Rfd8 20. Rfd1 g6 21. Qg3 Qc5 22. Rd5 Qc6 23. Rad1 Ra8 24.
b3 Rf8 25. c4 Rfb8 26. Kh1 Rb7 27. f4 f6 28. f5 g5 29. Qh3 Kg7 30. Qd3 Rab8 31. Qg3 Ra7 32. Qf2 Rab7 33. Qf1 b4 34.
Qf3 Ra7 35. Qf2 Qc7 36. Qf3 Rh8 37. Qh5 Qc8 38. R1d3 Qe8 39. Qxe8 Rxe8 40. Bh5 Rb8 41. Ra5 Bd8 42. Rad5 Bc7 43.
Rd2 a5 44. Bd1 Rb6 45. g3 Ra8 46. c5 Rc6 47. cxd6 Bd8 48. d7 Ra7 49. Be2 Rcc7 50. Bc4 a4 51. Rd6 axb3 52. axb3 Ra1 53.
Kg2 Raa7 54. Kf3 h5 55. Kg2 Rcb7 56. Be6 g4 57. Rc6 Rc7 58. Rcd6 Rc1 59. Rd1 Rc2+ 60. R6d2 Rcc7 61. Bc4 Ra3 62.
h4 gxh3+ 63. Kxh3 Kh6 64. Kh4 Rb7 65. g4 hxg4 66. Kxg4 Kg7 67. Kh5 Kh7 68. Rg1 Raa7 69. Be6 Rb8 70.
Rdg2 Bb6 71. Rg7 Kh8 72. Rg8 Rxg8 73. Rxg8 Kh7 74. d8=Q Bxd8 75. Rxd8 Ra1 76. Rd7 Kh8 77. Kg6 Rg1+ 78.
Kxf6 Rg6+ 79. Kxe5 Rg4 80. Rd8 Kh7 81. f6 Rg5+ 82. Bf5 Rg6 83. Rh8 Kxh8 84. Bxg6 Kg8 85. Ke6 1-0

[Event "NJSK 2018 Jeugd C"]
[Site "Assen, Netherlands"]
[Date "2018.05.01"]
[Round "4.1"]
[White "Van Foreest, Machteld"]
[Black "Nguyen, Lucas"]
[Result "1-0"]
[TimeControl "40/90m+30sec/move"]
[WhiteElo "2132"]
[BlackElo "1919"]

1. e4 c5 2. Nf3 Nc6 3. d4 cxd4 4. Nxd4 g6 5. c4 Nf6 6. Nc3 d6 7. Be2 Nxd4 8. Qxd4 Bg7 9. Be3 O-O 10.
Qd2 Ng4 11. Bxg4 Bxg4 12. O-O Rc8 13. b3 a6 14. Rfc1 Re8 15. Rab1 Be6 16. Qd3 Qa5 17. Bd2 Qh5 18. Ne2 Qc5 19. Nf4 Bd4 20. Be1 b5 21. Nxe6 fxe6 22. Rd1 Bg7 23.
cxb5 axb5 24. a4 b4 25. Qh3 e5 26. Qd3 Ra8 27. Rbc1 Qb6 28. Rc4 Reb8 29. Rxb4 Qa7 30. Rxb8+ Rxb8 31.
a5 Qb7 32. b4 Bh6 33. a6 Qb6 34. Ra1 Kg7 35. b5 Ra8 36. Ba5 Qc5 37. b6 Rf8 38. b7 Rxf2 39. Kh1 Rf8 40. Qb1 Qd4 41.
Bb6 1-0

[Event "NJSK 2018 Jeugd C"]
[Site "Assen, Netherlands"]
[Date "2018.05.01"]
[Round "4.2"]
[White "Maters, Arthur"]
[Black "Elgersma, Onno"]
[Result "0-1"]
[TimeControl "40/90m+30sec/move"]
[WhiteElo "1895"]
[BlackElo "2060"]

1. d4 Nf6 2. c4 e6 3. Nc3 Bb4 4. Qc2 O-O 5. a3 Bxc3+ 6. Qxc3 b6 7. Bg5 Bb7 8. e3 d6 9. Ne2 Nbd7 10. Qc2 c5 11. Rd1 cxd4 12.
Rxd4 Qc7 13. Nc3 a6 14. Be2 h6 15. Bxf6 Nxf6 16. O-O d5 17. cxd5 Nxd5 18. Rc1 Rac8 19. Rc4 Qe5 20. Nxd5 exd5 21.
Rxc8 Rxc8 22. Qd2 Rxc1+ 23. Qxc1 d4 24. Bf3 Bxf3 25. gxf3 dxe3 26. fxe3 f5 27. Kg2 Kh7 28. Qd2 Kg6 29.
Qc1 Kh5 30. Qd2 g5 31. h3 a5 32. b3 Qb5 33. b4 axb4 34. axb4 Qc4 35. f4 Qe4+ 36. Kg3 Qh1 37. Qe2 Kg6 38.
Qf2 Qb1 39. Qd2 Qg1+ 40. Kf3 Qf1+ 41. Kg3 Kh5 42. Qf2 Qxf2+ 43. Kxf2 Kh4 44. Kg2 g4 45. hxg4 Kxg4 46. b5 h5 47.
Kf2 h4 48. Kg2 h3+ 49. Kh2 Kh4 50. e4 fxe4 51. f5 e3 52. f6 e2 53. f7 e1=Q 54. f8=Q Qg3 55. Kh1 Qg2 0-1

[Event "NJSK 2018 Jeugd C"]
[Site "Assen, Netherlands"]
[Date "2018.05.01"]
[Round "4.3"]
[White "Pham, Khoi"]
[Black "Kutchoukov, Daniel"]
[Result "0-1"]
[TimeControl "40/90m+30sec/move"]
[WhiteElo "1983"]
[BlackElo "1902"]

1. e4 c6 2. d4 d5 3. exd5 cxd5 4. Bd3 Nc6 5. c3 Qc7 6. h3 Nf6 7. Nf3 g6 8. O-O Bf5 9. Bxf5 gxf5 10.
Be3 e6 11. Ne5 Bd6 12. f4 O-O-O 13. a4 Ne4 14. b4 a5 15. Nxc6 Qxc6 16. bxa5 Kb8 17. Qb3 Rc8 18. Rc1 Qa6 19.
Qb5 Bc7 20. Na3 Nd6 21. Qf1 Qxf1+ 22. Kxf1 Bxa5 23. Nb5 Ne4 24. Ra3 Rc4 25. Bf2 Rhc8 26. Be1 Bb4 27. Rb3 Bd6 28. g3 Rxa4 29.
Rcb1 Ra2 30. Nxd6 Nxd6 31. Rb6 Kc7 32. g4 fxg4 33. hxg4 Rg8 34. g5 Rb8 35. Bf2 Nc4 36. f5 Rxf2+ 0-1

[Event "NJSK 2018 Jeugd C"]
[Site "Assen, Netherlands"]
[Date "2018.05.01"]
[Round "4.4"]
[White "Bleeker, Kasper"]
[Black "Shakhverdian, William"]
[Result "0-1"]
[TimeControl "40/90m+30sec/move"]
[WhiteElo "1737"]
[BlackElo "1777"]

1. e4 c5 2. Nf3 d6 3. Nc3 Nf6 4. e5 dxe5 5. Nxe5 Nbd7 6. Nxd7 Bxd7 7. d4 e6 8. g3 Bc6 9. Bb5 cxd4 10.
Bxc6+ bxc6 11. Ne2 c5 12. O-O Be7 13. c3 e5 14. cxd4 exd4 15. b4 d3 16. Nf4 cxb4 17. Qa4+ Qd7 18.
Qxd7+ Kxd7 19. Nxd3 Rhd8 20. Re1 Nd5 21. Bb2 f6 22. Rad1 Ke8 23. Nc5 Kf7 24. Nb7 Rd7 25. Na5 Rc8 26.
Nb3 Nb6 27. Rxd7 Nxd7 28. Nd4 Ne5 29. Rc1 Rxc1+ 30. Bxc1 Bc5 31. Nb3 Bb6 32. Bb2 Nd3 33. Ba1 Nxf2 34. Bd4 Bxd4 35. Nxd4 Nd3 36.
Nc6 Ke6 37. Nxa7 Nc1 38. Kf2 Nxa2 39. Ke3 Kd5 40. Kd3 Nc1+ 41. Kc2 Ne2 42. Kd3 Nd4 43. Nc8 Nf3 44. Ne7+ Ke6 45. Nc6 Ne5+ 46.
Nxe5 fxe5 47. Kc4 Kf5 48. Kxb4 Ke4 49. Kc3 Ke3 50. g4 e4 51. h4 Kf2 0-1

[Event "NJSK 2018 Jeugd C"]
[Site "Assen, Netherlands"]
[Date "2018.05.01"]
[Round "4.5"]
[White "Klaren, Duncan"]
[Black "Cchung, Nyuk Lyn"]
[Result "1-0"]
[TimeControl "40/90m+30sec/move"]
[WhiteElo "1713"]
[BlackElo "1796"]

1. e4 c5 2. Nf3 d6 3. d4 cxd4 4. Nxd4 a6 5. c4 Nf6 6. f3 e5 7. Nc2 Be7 8. Nc3 Be6 9. Be2 Qc7 10.
b3 b5 11. Nd5 Bxd5 12. cxd5 O-O 13. Be3 Rc8 14. Rc1 Qa5+ 15. Bd2 Qb6 16. Be3 Qa5+ 17. Bd2 Qb6 18. Be3 Qa5+ 19. Bd2 Qd8 20.
O-O Nbd7 21. Be3 Qa5 22. Bd2 Qxa2 23. Nb4 Qa5 24. Kh1 Qb6 25. Nc6 Bf8 26. b4 Rc7 27. Qb3 Rac8 28. Be3 Qb7 29.
Rc2 Nb8 30. Na5 Qa8 31. Rfc1 Rxc2 32. Rxc2 Nbd7 33. Rc6 Be7 34. Qc2 Re8 35. Rc7 h6 36. Nc6 Bd8 37. Ra7 Qc8 38. Qa2 Bb6 39.
Bxb6 Nxb6 40. Rxa6 Nbxd5 41. exd5 Nxd5 42. Bxb5 Nxb4 43. Qc4 Nxc6 44. Rxc6 Qb7 45. Rc7 1-0

[Event "NJSK 2018 Jeugd C"]
[Site "Assen, Netherlands"]
[Date "2018.05.01"]
[Round "4.6"]
[White "Bartels, Vladimir"]
[Black "Van Foreest, Nanne"]
[Result "1/2-1/2"]
[TimeControl "40/90m+30sec/move"]
[WhiteElo "1757"]
[BlackElo "1482"]

1. e4 e5 2. Nf3 Nc6 3. Bb5 Nf6 4. O-O Nxe4 5. d4 Nd6 6. Bxc6 dxc6 7. dxe5 Nf5 8. Qxd8+ Kxd8 9. h3 Be7 10.
g4 Nh4 11. Nxh4 Bxh4 12. Rd1+ Ke7 13. Be3 Be6 14. Nc3 f6 15. Bc5+ Kf7 16. exf6 Bxf6 17. Ne4 Bd5 18. Nxf6 gxf6 19.
f4 f5 20. Bd4 Rhe8 21. Be5 1/2-1/2

[Event "NJSK 2018 Jeugd C"]
[Site "Assen, Netherlands"]
[Date "2018.05.01"]
[Round "4.7"]
[White "Labruyere, Roger"]
[Black "Boghossian, Wahe"]
[Result "0-1"]
[TimeControl "40/90m+30sec/move"]
[WhiteElo "1665"]
[BlackElo "1748"]

1. e4 c5 2. Nf3 d6 3.
d4 cxd4 4. Nxd4 a6 5. Nc3 Nf6 6. Bg5 Nbd7 7. Bc4 g6 8. f4 Bg7 9. Qd2 O-O 10. O-O-O Nc5 11. Bxf6 Bxf6 12. b4 Nd7 13.
g4 e5 14. Nde2 exf4 15. Qxd6 f3 16. Nd4 Be5 17. Qd5 Qc7 18. Na4 b5 19. Qxa8 Qxc4 20. Nb2 Qxa2 21. c3 Nb6 22. Qc6 Bf4+ 23. Kc2 Nc4 24. Rb1 Na3+ 25. Kd3 Nxb1 26. Nxf3 Qxb2 27.
Qf6 Qg2 28. Rxb1 Qxf3+ 29. Kc2 Qe2+ 30.
Kb3 Be6+ 31. c4 Bxc4+ 32. Ka3 Qa2# 0-1

[Event "NJSK 2018 Jeugd C"]
[Site "Assen, Netherlands"]
[Date "2018.05.01"]
[Round "4.8"]
[White "Yeh, Timo"]
[Black "Brandsma, Romayn"]
[Result "1/2-1/2"]
[TimeControl "40/90m+30sec/move"]
[WhiteElo "1729"]
[BlackElo "1715"]

1. d4 Nf6 2. Nf3 e6 3. c4 b6 4. Nc3 Bb4 5. Bd2 Bb7 6. e3 O-O 7. a3 Bxc3 8. Bxc3 d5 9. Bb4 Re8 10.
Rc1 Nbd7 11. Be2 Rc8 12. c5 c6 13. O-O Ne4 14. Nd2 Nxd2 15.
Bxd2 e5 16. Bg4 Rb8 17. Bxd7 Qxd7 18. b4 Ba6 19. Re1 e4 20. cxb6 axb6 21. h3
Bc4 22. Qg4 Qxg4 23. hxg4 b5 24. f4 Ra8 25. Rc3 Ra4 26. Bc1 h6 27. g3 Re6 28.
Kg2 Rd6 1/2-1/2

[Event "NJSK 2018 Jeugd C"]
[Site "Assen, Netherlands"]
[Date "2018.05.01"]
[Round "4.9"]
[White "Van der Schaaf, Tristan"]
[Black "Van der Hagen, Loek"]
[Result "0-1"]
[TimeControl "40/90m+30sec/move"]
[WhiteElo "1647"]
[BlackElo "1815"]

1. d4 Nf6 2. c4 c5 3. d5 b5 4. cxb5 a6 5. bxa6 Bxa6 6. Nc3 d6 7. e4 Bxf1 8. Kxf1 g6 9. g3 Bg7 10.
Kg2 O-O 11. Nf3 Nbd7 12. a4 Ng4 13. Qc2 Nge5 14. Nd2 Qa5 15. f4 Ng4 16. Nc4 Qb4 17. Nb5 Bxb2 18. Nxb2 Rfb8 19. Bd2 c4 20.
Kf3 Qc5 21. Kxg4 Qf2 22. Raf1 Qg2 23. Nc3 Nf6+ 24. Kh4 h6 25. Rc1 Kg7 26. Be1 g5 27. fxg5 hxg5 28. Kxg5 Qf3 29. Qe2 Nxe4+ 30. Qxe4 f6+ 0-1

[Event "NJSK 2018 Jeugd C"]
[Site "Assen, Netherlands"]
[Date "2018.05.01"]
[Round "4.10"]
[White "Catalan, Ciro"]
[Black "Torensma, Christian"]
[Result "1-0"]
[TimeControl "40/90m+30sec/move"]
[WhiteElo "1503"]
[BlackElo "1455"]

1. d4 e6 2. c4 f5 3. g3 Nf6 4. Nf3 Be7 5. Bg2 O-O 6. O-O d6 7. Nbd2 Qe8 8. Qc2 Qh5 9. e4 fxe4 10. Nxe4 Nxe4 11. Qxe4 h6 12.
b3 a5 13. Bb2 Na6 14. a3 Bf6 15. Rfe1 d5 16. Qc2 c6 17. Ne5 Bxe5 18. Rxe5 Qf7 19. Rae1 Nc7 20. Bh3 Re8 21. Qe2 Bd7 22.
Bc1 Rac8 23. Bf4 Qe7 24. Qb2 Qf7 25. R5e3 g5 26. Bd6 b5 27. c5 Qh5 28. Bxc7 Rxc7 29. Bxe6+ Bxe6 30. Rxe6 Rxe6 31.
Rxe6 Rf7 32. Qc2 Rc7 33. Rg6+ Rg7 34. Rxc6 Qe8 35. Rd6 Qe1+ 36. Kg2 1-0

[Event "NJSK 2018 Jeugd C"]
[Site "Assen, Netherlands"]
[Date "2018.05.01"]
[Round "4.11"]
[White "Albers, Sasa"]
[Black "Roebers, Eline"]
[Result "0-1"]
[TimeControl "40/90m+30sec/move"]
[WhiteElo "1336"]
[BlackElo "1961"]

1. e4 c5 2. Nf3 Nc6 3. d4 cxd4 4. Nxd4 Nf6 5. Nc3 g6 6. f3 Bg7 7. Be3 O-O 8. Qd2 d6 9. O-O-O Bd7 10.
g4 a6 11. h4 b5 12. h5 Qa5 13. Nb3 Qc7 14. hxg6 fxg6 15. Bh6 Be6 16. Bxg7 Kxg7 17. Qh6+ Kg8 18. g5 Nh5 19. Rxh5 gxh5 20.
Qxe6+ Kh8 21. Nd5 Qc8 22. Qh6 Qb7 23. Qxh5 a5 24. Bh3 Nd8 25. Nb6 Qxb6 26. g6 Qe3+ 27. Kb1 h6 28. f4 Kg7 29.
Qh4 Ra7 30. Bf5 Nc6 31. Rh1 Rh8 32. Re1 Qb6 33. e5 dxe5 34. fxe5 a4 35. Nc1 a3 36. bxa3 Qd4 37. Qg3 Na5 38.
Be6 Nc4 39. Bxc4 bxc4 40. Rf1 Rb8+ 41. Nb3 cxb3 42. cxb3 Rxa3 43. Rf7+ Kg8 44. Rf3 Rxa2 45. Rc3 Qd2 0-1

[Event "NJSK 2018 Jeugd C"]
[Site "Assen, Netherlands"]
[Date "2018.05.01"]
[Round "4.12"]
[White "Tiggelman, Vincent"]
[Black "Franke, Daniel"]
[Result "0-1"]
[TimeControl "40/90m+30sec/move"]
[WhiteElo "1394"]
[BlackElo "1298"]

1. e4 c5 2. Nc3 Nc6 3. Bc4 Nf6 4.
d3 e6 5.
Bg5 Be7 6. f4 d5 7. Bb3 d4 8. Nce2 Ng4 9. Bxe7 Qxe7 10. Ng3 Ne3 11. Qf3 c4 12. dxc4 Qb4+ 13. Ke2 Nxc4 14. Bxc4 Qxc4+ 15. Qd3 Qxd3+ 16. Kxd3 Nb4+ 17. Kd2 O-O 18. Nf3 Rd8 19. a3 Nc6 20. Ne2 f6 21. Rad1 e5 22. Kc1 Be6 23. b3 Rdc8 24.
Kb2 a5 25. g3 a4 26. b4 Nd8 27. fxe5 Bg4 28. Nexd4 fxe5 29. h3 Bh5 30. g4 Bg6 31. Nf5 Bxf5 32. gxf5 Rc4 33. Rhe1 Nf7 34.
Rd7 Rac8 35. Re2 R8c7 36. Rxc7 Rxc7 37. Re3 Nd6 38. Re2 Nc4+ 39. Ka2 Rd7 40. h4 Rd1 41. Re1 Rxe1 42. Nxe1 Nd2 43.
Nd3 Nc4 44. Nc5 b5 45. Ne6 Nd6 46. Nc5 Kf7 47. Kb2 Nc4+ 48. Ka2 g6 49. fxg6+ Kxg6 50. Ne6 Kh5 51. Nc7 Nd6 0-1

[Event "NJSK 2018 Jeugd C"]
[Site "Assen, Netherlands"]
[Date "2018.05.02"]
[Round "5.1"]
[White "Elgersma, Onno"]
[Black "Van Foreest, Machteld"]
[Result "1/2-1/2"]
[TimeControl "40/90m+30sec/move"]
[WhiteElo "2060"]
[BlackElo "2132"]

1. e4 e5 2. Nf3 Nc6 3. d4 exd4 4. Nxd4 Nf6 5. Nxc6 bxc6 6. e5 Qe7 7. Qe2 Nd5 8. h4 Rb8 9. c4 Ba6 10.
b3 g6 11. Bg5 Qb4+ 12. Bd2 Qe7 13. Bg5 Qb4+ 1/2-1/2